Comets vs Punishers
(R1)
Created - June 16, 2022 at 19:05
Goals
|
| Comets |
3 |
0 |
1 |
0 |
0 |
4 |
| Punishers |
2 |
0 |
2 |
0 |
1 |
5 |
|
Shots
|
| Comets |
8 |
16 |
12 |
3 |
3 |
39 |
| Punishers |
12 |
14 |
18 |
1 |
2 |
45 |
|
1st period
1. Punishers , Corey Tropp 52 (Radek Faksa 58) at 0:14
2. Comets , Nathan Gerbe 18 (Taylor Beck 61) at 8:43
3. Comets , Dennis Everberg 43 (Nathan Gerbe 21, Taylor Beck 62) at 10:16 (PP)
4. Punishers , Carter Ashton 35 (John Quenneville 25, Oskar Lindblom 13) at 14:53
5. Comets , Andrej Nestrasil 32 (Joshua Leivo 32) at 15:01
Penalties :
Beck Malenstyn (Pro) for High sticking (Minor) at 5:00, Phillip Danault (Pro) for Slashing (Minor) at 10:00, Sami Niku (Uti) for Hooking (Minor) at 12:46, Phil Di Giuseppe (Uti) for Tripping (Minor) at 17:02
2nd period
No Goal
Penalties :
Patrick Wey (Uti) for Interference (Minor) at 6:59, Alex Petrovic (Pro) for High sticking (Minor) at 12:43
3rd period
6. Comets , Anton Zlobin 2 (Kurtis Macdermid 7) at 8:50
7. Punishers , Daniel Audette 10 (Brett Kulak 20, Alex Petrovic 8) at 9:25
8. Punishers , Corey Tropp 53 (Brett Kulak 21, Alex Petrovic 9) at 13:33 (PP)
Penalties :
Nathan Gerbe (Uti) for Goalie Interference (Minor) at 0:22, Oliver Kylington (Uti) for Hooking (Minor) at 6:07, Juuso Riikola (Uti) for Hooking (Minor) at 12:57
Overtime #1
No Goal
Penalties :
No Penalty
Shootout
Comets, Taylor Beck - Stopped by Daniel Altshuller
Punishers, Corey Tropp - Goal!
Comets, Dennis Everberg - Stopped by Daniel Altshuller
Punishers, Radek Faksa - Shot Misses the Net
Comets, Nathan Gerbe - Stopped by Daniel Altshuller
Penalties :
No Penalty
Goalie Stats
Alexandar Georgiev (Uti), 41 saves from 45 shots - (0.911), OTL, 30-14-11, 65:00 minutes
Daniel Altshuller (Pro), 35 saves from 39 shots - (0.897), W, 8-9-1, 65:00 minutes
Players Stats for Comets
Player Name G A P +/- PIM S H SB GA TA FO MP PP MP PK MP
------------------------------------------------------------------------------------
Andrej Nestrasil 1 0 1 0 0 4 3 0 1 0 9/16 18:20 2:05 3:05
Anton Karlsson 0 0 0 0 0 0 1 0 0 0 1/1 2:09 0:00 0:57
Anton Zlobin 1 0 1 1 0 1 1 0 0 0 0/0 6:46 0:00 0:00
Axel Holmstrom 0 0 0 -1 0 1 0 0 0 1 1/3 10:09 0:00 0:11
Dennis Everberg 1 0 1 0 0 7 1 2 2 0 1/1 27:42 2:09 6:32
Jordan Gross 0 0 0 -2 0 1 1 0 0 0 0/0 12:48 0:00 2:58
Joshua Leivo 0 1 1 1 0 3 0 0 0 0 0/0 13:09 2:05 0:00
Juho Lammikko 0 0 0 -1 0 2 2 0 0 0 1/2 9:58 0:00 0:00
Juuso Riikola 0 0 0 0 2 1 1 2 1 2 0/0 31:33 2:32 6:16
Kurtis Macdermid 0 1 1 1 0 0 2 0 0 0 0/0 6:46 0:00 0:00
Mackenzie MacEachern 0 0 0 -1 0 6 0 0 1 0 0/0 9:58 0:00 0:00
Nathan Gerbe 1 1 2 -1 2 5 2 2 0 1 9/32 23:14 2:09 2:16
Oliver Kylington 0 0 0 0 2 2 1 1 0 0 0/0 22:30 1:42 3:26
Oskar Steen 0 0 0 0 0 0 0 0 0 0 0/0 0:00 0:00 0:00
Patrick Wey 0 0 0 0 2 2 0 1 1 1 0/0 30:52 2:32 5:28
Phil Di Giuseppe 0 0 0 1 2 0 0 0 0 0 1/1 13:09 2:05 0:00
Rasmus Asplund 0 0 0 0 0 0 0 0 0 0 0/0 0:00 0:00 0:00
Sami Niku 0 0 0 1 2 1 1 2 0 1 0/0 22:21 1:42 2:46
Taylor Beck 0 2 2 0 0 2 2 3 1 1 9/19 27:44 2:09 6:38
Taylor Leier 0 0 0 0 0 0 0 0 0 0 0/0 2:04 0:00 1:23
Thomas DiPauli 0 0 0 0 0 0 0 0 0 0 0/0 0:00 0:00 0:00
Tyler Graovac 0 0 0 1 0 1 0 1 1 0 3/4 6:46 0:00 0:00
William Lagesson 0 0 0 0 0 0 0 0 0 0 0/0 10:27 0:00 0:08
William Lockwood 0 0 0 0 0 0 0 0 0 0 0/0 0:58 0:00 0:00
Players Stats for Punishers
Player Name G A P +/- PIM S H SB GA TA FO MP PP MP PK MP
------------------------------------------------------------------------------------
Alex Petrovic 0 2 2 0 2 3 2 1 0 1 0/0 30:54 6:12 1:28
Alexander Nylander 0 0 0 0 0 0 0 0 0 0 0/0 0:00 0:00 0:00
Anton Blidh 0 0 0 -1 0 3 4 0 0 0 0/1 12:09 0:12 0:30
Artem Zub 0 0 0 1 0 1 2 1 0 0 0/0 23:15 4:19 1:52
Austen Brassard 0 0 0 -1 0 1 0 0 1 0 0/0 10:58 0:12 0:00
Beck Malenstyn 0 0 0 0 2 0 0 0 0 1 0/0 5:22 0:00 0:00
Brett Kulak 0 2 2 0 0 2 0 1 0 2 0/0 31:49 6:12 2:59
Carter Ashton 1 0 1 1 0 11 4 0 1 0 1/4 21:10 4:32 1:20
Corey Tropp 2 0 2 0 0 7 2 3 1 2 3/6 26:09 5:47 2:30
Daniel Audette 1 0 1 -1 0 1 4 0 1 1 3/4 10:48 0:13 0:00
Fredrik Claesson 0 0 0 -1 0 0 1 0 0 0 0/0 10:44 0:00 0:11
John Hayden 0 0 0 0 0 1 0 0 0 0 1/3 4:52 0:00 0:00
John Quenneville 0 1 1 1 0 1 1 1 0 0 10/16 18:17 4:32 0:00
Michael Joly 0 0 0 -1 0 1 0 0 1 1 0/0 12:58 0:00 0:00
Noah Juulsen 0 0 0 1 0 2 0 0 0 0 0/0 23:21 4:19 1:58
Oskar Lindblom 0 1 1 1 0 1 2 0 0 0 0/2 20:55 4:32 0:00
Phillip Danault 0 0 0 0 2 5 2 0 0 0 0/1 25:19 5:47 1:38
Radek Faksa 0 1 1 0 0 5 1 2 2 0 26/42 26:43 5:46 2:30
3 Stars
1 - Corey Tropp (Pro)
2 - Carter Ashton (Pro)
3 - Daniel Audette (Pro)
Power Play
Comets - 1 on 3 Attempt(s) - 33.33%
Punishers - 1 on 6 Attempt(s) - 16.67%
Penalty Kill
Comets - 5 on 6 Attempt(s) - 83.33%
- Score 0 goal in Penalty Kill
Punishers - 2 on 3 Attempt(s) - 66.67%
- Score 0 goal in Penalty Kill
Team Stat
Comets - Hits : 18 - Faceoff Wins : 35 - Blocked Shots : 14 - Penalty Minutes : 12
Punishers - Hits : 25 - Faceoff Wins : 44 - Blocked Shots : 9 - Penalty Minutes : 6
Official
Referees : Francis Charron and Brandon Schrader
Linesman : Steve Barton and Scott Cherrey
Game Notes
No Game Note
Finance
Level 1 -- Attendance: 1396 (69.80%) -- Ticket Income $55,840
Level 2 -- Attendance: 578 (57.80%) -- Ticket Income $11,560
Total Attendance: 1974 (65.80%)
Total Ticket Income: $67,400
Other Income: $3,370
Total Income: $70,770
Comets
5 vs 5 Forward
Center Left Wing Right Wing Time % Phy DF OF
1 Nathan Gerbe Taylor Beck Dennis Everberg 40 1 2 2
2 Andrej Nestrasil Phil Di Giuseppe Joshua Leivo 30 1 2 2
3 Axel Holmstrom Mackenzie MacEachern Juho Lammikko 20 1 2 2
4 Tyler Graovac Kurtis Macdermid Anton Zlobin 10 1 2 2
5 vs 5 Defense
Defense Defense Time % Phy DF OF
1 Patrick Wey Juuso Riikola 40 1 2 2
2 Oliver Kylington Sami Niku 30 1 2 2
3 William Lagesson Jordan Gross 20 1 2 2
4 Patrick Wey Juuso Riikola 10 1 2 2
PowerPlay Forward
Center Left Wing Right Wing Time % Phy DF OF
1 Nathan Gerbe Taylor Beck Dennis Everberg 60 1 2 2
2 Andrej Nestrasil Phil Di Giuseppe Joshua Leivo 40 1 2 2
PowerPlay Defense
Defense Defense Time % Phy DF OF
1 Patrick Wey Juuso Riikola 60 1 2 2
2 Oliver Kylington Sami Niku 40 1 2 2
Penalty Kill 4 Players Forward
Center Wing Time % Phy DF OF
1 Taylor Beck Dennis Everberg 60 1 2 2
2 Nathan Gerbe Andrej Nestrasil 40 1 2 2
Penalty Kill 4 Players Defense
Defense Defense Time % Phy DF OF
1 Patrick Wey Juuso Riikola 60 1 2 2
2 Oliver Kylington Sami Niku 40 1 2 2
Penalty Kill - 3 Players Forward
Forward Time % Phy DF OF
1 Taylor Beck 60 1 2 2
2 Dennis Everberg 40 1 2 2
Penalty Kill - 3 Players Defense
Defense Defense Time % Phy DF OF
1 Patrick Wey Juuso Riikola 60 1 2 2
2 Oliver Kylington Sami Niku 40 1 2 2
4 vs 4 Forward
Center Wing Time % Phy DF OF
1 Taylor Beck Dennis Everberg 60 1 2 2
2 Nathan Gerbe Andrej Nestrasil 40 1 2 2
4 vs 4 Defense
Defense Defense Time % Phy DF OF
1 Patrick Wey Juuso Riikola 60 1 2 2
2 Oliver Kylington Sami Niku 40 1 2 2
Last Minutes Offensive
Center Left Wing Right Wing Defense Defense
Nathan Gerbe Taylor Beck Dennis Everberg Patrick Wey Juuso Riikola
Last Minutes Defensive
Center Left Wing Right Wing Defense Defense
Nathan Gerbe Taylor Beck Dennis Everberg Patrick Wey Juuso Riikola
Goaltenders
Starting : Alexandar Georgiev
Backup : Thatcher Demko
Extra Forwards
Normal : Anton Karlsson, William Lockwood, Taylor Leier - PP : Anton Karlsson, William Lockwood - PK : Taylor Leier
Extra Defensemen
Normal : William Lagesson, Jordan Gross, Oliver Kylington - PP : William Lagesson - PK : Jordan Gross, Oliver Kylington
Penalty Shots
Taylor Beck, Dennis Everberg, Nathan Gerbe, Andrej Nestrasil, Joshua Leivo
Scratches
Jeremy Roy (Healthy), Nicolas Petan (Torso Injury), Dan Renouf (Broken Bone (Right Arm) Injury), Dmitry Sokolov (Healthy), Marek Langhamer (Healthy)
Punishers
5 vs 5 Forward
Center Left Wing Right Wing Time % Phy DF OF
1 Radek Faksa Phillip Danault Corey Tropp 40 1 2 2
2 John Quenneville Oskar Lindblom Carter Ashton 30 1 2 2
3 Daniel Audette Anton Blidh Austen Brassard 20 1 2 2
4 John Hayden Beck Malenstyn Michael Joly 10 1 2 2
5 vs 5 Defense
Defense Defense Time % Phy DF OF
1 Alex Petrovic Brett Kulak 40 1 2 2
2 Artem Zub Noah Juulsen 30 1 2 2
3 Fredrik Claesson Michael Joly 20 1 2 2
4 Alex Petrovic Brett Kulak 10 1 2 2
PowerPlay Forward
Center Left Wing Right Wing Time % Phy DF OF
1 Radek Faksa Phillip Danault Corey Tropp 60 1 2 2
2 John Quenneville Oskar Lindblom Carter Ashton 40 1 2 2
PowerPlay Defense
Defense Defense Time % Phy DF OF
1 Alex Petrovic Brett Kulak 60 1 2 2
2 Artem Zub Noah Juulsen 40 1 2 2
Penalty Kill 4 Players Forward
Center Wing Time % Phy DF OF
1 Corey Tropp Radek Faksa 60 1 2 2
2 Carter Ashton Phillip Danault 40 1 2 2
Penalty Kill 4 Players Defense
Defense Defense Time % Phy DF OF
1 Alex Petrovic Brett Kulak 60 1 2 2
2 Artem Zub Noah Juulsen 40 1 2 2
Penalty Kill - 3 Players Forward
Forward Time % Phy DF OF
1 Corey Tropp 60 1 2 2
2 Radek Faksa 40 1 2 2
Penalty Kill - 3 Players Defense
Defense Defense Time % Phy DF OF
1 Alex Petrovic Brett Kulak 60 1 2 2
2 Artem Zub Noah Juulsen 40 1 2 2
4 vs 4 Forward
Center Wing Time % Phy DF OF
1 Corey Tropp Radek Faksa 60 1 2 2
2 Carter Ashton Phillip Danault 40 1 2 2
4 vs 4 Defense
Defense Defense Time % Phy DF OF
1 Alex Petrovic Brett Kulak 60 1 2 2
2 Artem Zub Noah Juulsen 40 1 2 2
Last Minutes Offensive
Center Left Wing Right Wing Defense Defense
Radek Faksa Phillip Danault Corey Tropp Alex Petrovic Brett Kulak
Last Minutes Defensive
Center Left Wing Right Wing Defense Defense
Radek Faksa Phillip Danault Corey Tropp Alex Petrovic Brett Kulak
Goaltenders
Starting : Daniel Altshuller
Backup : Louis Domingue
Extra Forwards
Normal : Oskar Lindblom, Radek Faksa, Phillip Danault - PP : Oskar Lindblom, Corey Tropp - PK : Phillip Danault
Extra Defensemen
Normal : Fredrik Claesson, Artem Zub, Noah Juulsen - PP : Fredrik Claesson - PK : Artem Zub, Noah Juulsen
Penalty Shots
Corey Tropp, Radek Faksa, Carter Ashton, Phillip Danault, John Quenneville
Scratches
Alex Schoenborn (Healthy), Austin Wagner (Healthy), Ben Betker (Chest/Ribs Injury), Connor Clifton (Lower Body Injury), Gabriel Gagne (Healthy)
Nicolas Roy (Healthy), Niko Mikkola (Bruised Right Arm Injury), Zack Hamill (Bruised Left Arm Injury), Connor Ingram (Healthy)
% Time on Ice - Comets
Lines # - Real PCT - Wanted PCT - Time Play
Normal Forward
1 - 38% - 40% - 16:59
2 - 25% - 30% - 11:32
3 - 22% - 20% - 9:58
4 - 15% - 10% - 6:46
Normal Defense
1 - 43% - 40% - 19:22
2 - 35% - 30% - 15:43
3 - 19% - 20% - 8:44
4 - 3% - 10% - 1:26
PP Forward
1 - 51% - 60% - 2:09
2 - 49% - 40% - 2:05
PP Defense
1 - 60% - 60% - 2:32
2 - 40% - 40% - 1:42
PK Forward
1 - 73% - 60% - 7:42
2 - 27% - 40% - 2:49
PK Defense
1 - 66% - 60% - 6:54
2 - 34% - 40% - 3:37
PK3 Forward
1 - 0% - 60%
2 - 0% - 40%
PK3 Defense
1 - 0% - 60%
2 - 0% - 40%
44 Forward
1 - 67% - 60% - 3:22
2 - 33% - 40% - 1:38
44 Defense
1 - 59% - 60% - 2:56
2 - 41% - 40% - 2:04
Last Minute Offensive - 0:00
Last Minute Defensive - 0:00
Total
Forward - 65:00
Defense - 65:00
|
% Time on Ice - Punishers
Lines # - Real PCT - Wanted PCT - Time Play
Normal Forward
1 - 35% - 40% - 15:52
2 - 32% - 30% - 14:37
3 - 22% - 20% - 9:54
4 - 11% - 10% - 4:52
Normal Defense
1 - 42% - 40% - 19:06
2 - 33% - 30% - 14:51
3 - 22% - 20% - 9:59
4 - 3% - 10% - 1:19
PP Forward
1 - 57% - 60% - 5:59
2 - 43% - 40% - 4:32
PP Defense
1 - 59% - 60% - 6:12
2 - 41% - 40% - 4:19
PK Forward
1 - 69% - 60% - 2:54
2 - 31% - 40% - 1:20
PK Defense
1 - 75% - 60% - 3:10
2 - 25% - 40% - 1:04
PK3 Forward
1 - 0% - 60%
2 - 0% - 40%
PK3 Defense
1 - 0% - 60%
2 - 0% - 40%
44 Forward
1 - 80% - 60% - 4:01
2 - 20% - 40% - 0:59
44 Defense
1 - 56% - 60% - 2:47
2 - 44% - 40% - 2:13
Last Minute Offensive - 0:00
Last Minute Defensive - 0:00
Total
Forward - 65:00
Defense - 65:00
|
Play-by-Play
1st period
0:01 of 1st period - Radek Faksa wins face-off versus Nathan Gerbe in neutral zone.
0:12 of 1st period - Wrist shot by Corey Tropp.
0:12 of 1st period - Shot Misses the Net.
0:14 of 1st period - Snap shot by Corey Tropp.
0:14 of 1st period - Goal by Corey Tropp - Comets : 0 - Punishers : 1.
0:15 of 1st period - Andrej Nestrasil wins face-off versus Carter Ashton in neutral zone.
1:35 of 1st period - Snap shot by Radek Faksa.
1:35 of 1st period - Stopped by Alexandar Georgiev without a rebound.
1:36 of 1st period - Andrej Nestrasil wins face-off versus John Quenneville in Comets zone.
1:45 of 1st period - Slapshot by Andrej Nestrasil.
1:45 of 1st period - Stopped by Daniel Altshuller with a rebound.
1:47 of 1st period - Slapshot by Patrick Wey.
1:47 of 1st period - Stopped by Daniel Altshuller with a rebound.
1:49 of 1st period - Wrist shot by Phil Di Giuseppe.
1:49 of 1st period - Shot Misses the Net.
1:51 of 1st period - Slapshot by Juuso Riikola.
1:51 of 1st period - Stopped by Daniel Altshuller with a rebound.
2:40 of 1st period - Corey Tropp is hit by Jordan Gross and loses puck.
3:03 of 1st period - Slapshot by Carter Ashton.
3:03 of 1st period - Stopped by Alexandar Georgiev without a rebound.
3:04 of 1st period - Nathan Gerbe wins face-off versus John Hayden in Comets zone.
3:04 of 1st period - Nathan Gerbe is hit by Fredrik Claesson.
4:00 of 1st period - Wrist shot by Austen Brassard.
4:00 of 1st period - Shot Blocked by Sami Niku.
4:12 of 1st period - Carter Ashton is hit by Kurtis Macdermid and loses puck.
4:23 of 1st period - Wrist shot by Anton Zlobin.
4:23 of 1st period - Shot Misses the Net.
5:00 of 1st period - Minor Penalty to Beck Malenstyn for High sticking.
5:01 of 1st period - Andrej Nestrasil wins face-off versus Radek Faksa in Punishers zone.
5:26 of 1st period - Radek Faksa is hit by Taylor Beck and loses puck.
5:33 of 1st period - Wrist shot by Nathan Gerbe.
5:33 of 1st period - Shot Blocked by Corey Tropp.
6:09 of 1st period - Joshua Leivo is hit by Phillip Danault and loses puck.
7:00 of 1st period - Penalty to Beck Malenstyn is over, Beck Malenstyn is back on ice.
7:19 of 1st period - Alex Petrovic is hit by Juho Lammikko and loses puck.
7:28 of 1st period - Snap shot by Phillip Danault.
7:28 of 1st period - Shot Blocked by Tyler Graovac.
8:26 of 1st period - Kurtis Macdermid is hit by Oskar Lindblom and loses puck.
8:33 of 1st period - Wrist shot by Radek Faksa.
8:33 of 1st period - Deflect By Oskar Lindblom.
8:33 of 1st period - Shot Misses the Net.
8:33 of 1st period - Puck is out of play.
8:34 of 1st period - Daniel Audette wins face-off versus Nathan Gerbe in Comets zone.
8:43 of 1st period - Snap shot by Nathan Gerbe.
8:43 of 1st period - Deflect By Daniel Audette.
8:43 of 1st period - Goal by Nathan Gerbe - Comets : 1 - Punishers : 1.
8:44 of 1st period - John Quenneville wins face-off versus Andrej Nestrasil in neutral zone.
9:18 of 1st period - Backhand shot by Corey Tropp.
9:18 of 1st period - Shot Blocked by Taylor Beck.
9:20 of 1st period - Wrist shot by Phillip Danault.
9:20 of 1st period - Stopped by Alexandar Georgiev with a rebound.
9:34 of 1st period - Snap shot by Juho Lammikko.
9:34 of 1st period - Shot Misses the Net.
9:36 of 1st period - Snap shot by Juho Lammikko.
9:36 of 1st period - Stopped by Daniel Altshuller without a rebound.
9:37 of 1st period - Andrej Nestrasil wins face-off versus Radek Faksa in Punishers zone.
10:00 of 1st period - Minor Penalty to Phillip Danault for Slashing.
10:01 of 1st period - Corey Tropp wins face-off versus Nathan Gerbe in Punishers zone.
10:16 of 1st period - Wrist shot by Dennis Everberg.
10:16 of 1st period - Goal by Dennis Everberg - Comets : 2 - Punishers : 1.
10:17 of 1st period - Radek Faksa wins face-off versus Nathan Gerbe in neutral zone.
10:20 of 1st period - Snap shot by Corey Tropp.
10:20 of 1st period - Stopped by Alexandar Georgiev without a rebound.
10:21 of 1st period - Radek Faksa wins face-off versus Nathan Gerbe in Comets zone.
10:22 of 1st period - Slapshot by Corey Tropp.
10:22 of 1st period - Stopped by Alexandar Georgiev with a rebound.
10:24 of 1st period - Snap shot by Phillip Danault.
10:24 of 1st period - Shot Misses the Net.
10:26 of 1st period - Wrist shot by Radek Faksa.
10:26 of 1st period - Shot Misses the Net.
10:28 of 1st period - Snap shot by Phillip Danault.
10:28 of 1st period - Shot Misses the Net.
10:32 of 1st period - Wrist shot by Radek Faksa.
10:32 of 1st period - Shot Blocked by Nathan Gerbe.
10:34 of 1st period - Wrist shot by Corey Tropp.
10:34 of 1st period - Shot Blocked by Juuso Riikola.
10:36 of 1st period - Slapshot by Brett Kulak.
10:36 of 1st period - Shot Misses the Net.
12:24 of 1st period - Wrist shot by Carter Ashton.
12:24 of 1st period - Stopped by Alexandar Georgiev without a rebound.
12:25 of 1st period - Juho Lammikko wins face-off versus John Quenneville in Comets zone.
12:46 of 1st period - Minor Penalty to Sami Niku for Hooking.
12:47 of 1st period - Taylor Beck wins face-off versus Corey Tropp in Comets zone.
13:25 of 1st period - Off-side.
13:26 of 1st period - Radek Faksa wins face-off versus Nathan Gerbe in neutral zone.
13:31 of 1st period - Slapshot by Corey Tropp.
13:31 of 1st period - Deflect By Phillip Danault.
13:31 of 1st period - Shot Misses the Net.
13:31 of 1st period - Puck is out of play.
13:32 of 1st period - Radek Faksa wins face-off versus Taylor Beck in Comets zone.
13:33 of 1st period - Slapshot by Corey Tropp.
13:33 of 1st period - Stopped by Alexandar Georgiev with a rebound.
13:35 of 1st period - Slapshot by Radek Faksa.
13:35 of 1st period - Stopped by Alexandar Georgiev without a rebound.
13:36 of 1st period - Taylor Beck wins face-off versus Radek Faksa in Comets zone.
14:04 of 1st period - Icing by Artem Zub.
14:05 of 1st period - John Quenneville wins face-off versus Taylor Beck in Punishers zone.
14:41 of 1st period - Slapshot by Carter Ashton.
14:41 of 1st period - Shot Blocked by Nathan Gerbe.
14:43 of 1st period - Wrist shot by Carter Ashton.
14:43 of 1st period - Stopped by Alexandar Georgiev with a rebound.
14:46 of 1st period - Penalty to Sami Niku is over, Sami Niku is back on ice.
14:53 of 1st period - Wrist shot by Carter Ashton.
14:53 of 1st period - Goal by Carter Ashton - Comets : 2 - Punishers : 2.
14:54 of 1st period - Andrej Nestrasil wins face-off versus Radek Faksa in neutral zone.
15:01 of 1st period - Wrist shot by Andrej Nestrasil.
15:01 of 1st period - Goal by Andrej Nestrasil - Comets : 3 - Punishers : 2.
15:02 of 1st period - Nathan Gerbe wins face-off versus Radek Faksa in neutral zone.
15:09 of 1st period - Wrist shot by Dennis Everberg.
15:09 of 1st period - Shot Misses the Net.
15:11 of 1st period - Wrist shot by Nathan Gerbe.
15:11 of 1st period - Shot Blocked by Brett Kulak.
15:13 of 1st period - Wrist shot by Dennis Everberg.
15:13 of 1st period - Shot Misses the Net.
15:15 of 1st period - Snap shot by Dennis Everberg.
15:15 of 1st period - Shot Misses the Net.
15:53 of 1st period - Backhand shot by Dennis Everberg.
15:53 of 1st period - Shot Misses the Net.
15:55 of 1st period - Slapshot by Taylor Beck.
15:55 of 1st period - Shot Misses the Net.
15:57 of 1st period - Snap shot by Nathan Gerbe.
15:57 of 1st period - Shot Misses the Net.
15:59 of 1st period - Snap shot by Taylor Beck.
15:59 of 1st period - Stopped by Daniel Altshuller without a rebound.
16:00 of 1st period - Radek Faksa wins face-off versus Andrej Nestrasil in Punishers zone.
16:26 of 1st period - Alex Petrovic is hit by Oliver Kylington and loses puck.
16:49 of 1st period - Snap shot by Carter Ashton.
16:49 of 1st period - Stopped by Alexandar Georgiev without a rebound.
16:50 of 1st period - Daniel Audette wins face-off versus Andrej Nestrasil in Comets zone.
17:02 of 1st period - Minor Penalty to Phil Di Giuseppe for Tripping.
17:03 of 1st period - Radek Faksa wins face-off versus Taylor Beck in Comets zone.
17:35 of 1st period - Taylor Beck is hit by John Quenneville and loses puck.
18:00 of 1st period - Wrist shot by Andrej Nestrasil.
18:00 of 1st period - Shot Hit the Post.
19:02 of 1st period - Penalty to Phil Di Giuseppe is over, Phil Di Giuseppe is back on ice.
19:24 of 1st period - Mackenzie MacEachern is hit by Alex Petrovic and loses puck.
Goals for this period are 3 for Comets vs 2 for Punishers.
Shots for this period are 8 for Comets vs 12 for Punishers.
2nd period
0:01 of 2nd period - Nathan Gerbe wins face-off versus Radek Faksa in neutral zone.
0:26 of 2nd period - Corey Tropp is hit by Juuso Riikola and loses puck.
0:31 of 2nd period - Snap shot by Mackenzie MacEachern.
0:31 of 2nd period - Stopped by Daniel Altshuller without a rebound.
0:32 of 2nd period - Axel Holmstrom wins face-off versus John Quenneville in Punishers zone.
0:33 of 2nd period - Snap shot by Mackenzie MacEachern.
0:33 of 2nd period - Stopped by Daniel Altshuller without a rebound.
0:34 of 2nd period - Nathan Gerbe wins face-off versus Carter Ashton in Punishers zone.
0:35 of 2nd period - Snap shot by Dennis Everberg.
0:35 of 2nd period - Stopped by Daniel Altshuller without a rebound.
0:36 of 2nd period - John Quenneville wins face-off versus Nathan Gerbe in Punishers zone.
0:41 of 2nd period - Wrist shot by John Quenneville.
0:41 of 2nd period - Shot Blocked by Oliver Kylington.
0:43 of 2nd period - Wrist shot by Oskar Lindblom.
0:43 of 2nd period - Shot Misses the Net.
0:45 of 2nd period - Slapshot by Noah Juulsen.
0:45 of 2nd period - Deflect By Oliver Kylington.
0:45 of 2nd period - Stopped by Alexandar Georgiev with a rebound.
0:47 of 2nd period - Snap shot by John Quenneville.
0:47 of 2nd period - Shot Blocked by Taylor Beck.
1:19 of 2nd period - Artem Zub is hit by Andrej Nestrasil and loses puck.
1:54 of 2nd period - Snap shot by Michael Joly.
1:54 of 2nd period - Stopped by Alexandar Georgiev with a rebound.
1:56 of 2nd period - Slapshot by Brett Kulak.
1:56 of 2nd period - Shot Misses the Net.
1:58 of 2nd period - Snap shot by John Hayden.
1:58 of 2nd period - Stopped by Alexandar Georgiev with a rebound.
2:24 of 2nd period - Snap shot by Dennis Everberg.
2:24 of 2nd period - Stopped by Daniel Altshuller with a rebound.
3:00 of 2nd period - Snap shot by John Quenneville.
3:00 of 2nd period - Stopped by Alexandar Georgiev with a rebound.
3:02 of 2nd period - Slapshot by Carter Ashton.
3:02 of 2nd period - Stopped by Alexandar Georgiev without a rebound.
3:03 of 2nd period - Radek Faksa wins face-off versus Nathan Gerbe in Comets zone.
4:15 of 2nd period - Snap shot by Dennis Everberg.
4:15 of 2nd period - Stopped by Daniel Altshuller without a rebound.
4:16 of 2nd period - John Quenneville wins face-off versus Nathan Gerbe in Punishers zone.
4:45 of 2nd period - Snap shot by Andrej Nestrasil.
4:45 of 2nd period - Stopped by Daniel Altshuller with a rebound.
4:47 of 2nd period - Wrist shot by Andrej Nestrasil.
4:47 of 2nd period - Deflect By Joshua Leivo.
4:47 of 2nd period - Stopped by Daniel Altshuller without a rebound.
4:48 of 2nd period - Radek Faksa wins face-off versus Andrej Nestrasil in Punishers zone.
5:13 of 2nd period - Snap shot by Mackenzie MacEachern.
5:13 of 2nd period - Stopped by Daniel Altshuller without a rebound.
5:14 of 2nd period - John Quenneville wins face-off versus Juho Lammikko in Punishers zone.
5:39 of 2nd period - Patrick Wey is hit by Anton Blidh and loses puck.
6:06 of 2nd period - Corey Tropp is hit by Andrej Nestrasil and loses puck.
6:14 of 2nd period - Icing by Oliver Kylington.
6:15 of 2nd period - Tyler Graovac wins face-off versus John Quenneville in Comets zone.
6:22 of 2nd period - Slapshot by Oliver Kylington.
6:22 of 2nd period - Shot Misses the Net.
6:24 of 2nd period - Slapshot by Oliver Kylington.
6:24 of 2nd period - Stopped by Daniel Altshuller with a rebound.
6:30 of 2nd period - Snap shot by Anton Zlobin.
6:30 of 2nd period - Shot Blocked by Artem Zub.
6:59 of 2nd period - Minor Penalty to Patrick Wey for Interference.
7:00 of 2nd period - Radek Faksa wins face-off versus Taylor Beck in Comets zone.
7:16 of 2nd period - Snap shot by Radek Faksa.
7:16 of 2nd period - Shot Misses the Net.
8:59 of 2nd period - Penalty to Patrick Wey is over, Patrick Wey is back on ice.
9:18 of 2nd period - Snap shot by Mackenzie MacEachern.
9:18 of 2nd period - Stopped by Daniel Altshuller without a rebound.
9:19 of 2nd period - Phil Di Giuseppe wins face-off versus Anton Blidh in Punishers zone.
9:44 of 2nd period - Icing by William Lagesson.
9:45 of 2nd period - John Quenneville wins face-off versus Tyler Graovac in Comets zone.
9:50 of 2nd period - Snap shot by Carter Ashton.
9:50 of 2nd period - Stopped by Alexandar Georgiev with a rebound.
9:52 of 2nd period - Snap shot by John Quenneville.
9:52 of 2nd period - Deflect By Oskar Lindblom.
9:52 of 2nd period - Shot Misses the Net.
9:52 of 2nd period - Puck is out of play.
9:53 of 2nd period - Taylor Beck wins face-off versus Radek Faksa in Comets zone.
9:53 of 2nd period - Taylor Beck is hit by Phillip Danault.
10:01 of 2nd period - Slapshot by Nathan Gerbe.
10:01 of 2nd period - Stopped by Daniel Altshuller with a rebound.
10:07 of 2nd period - Wrist shot by Nathan Gerbe.
10:07 of 2nd period - Shot Misses the Net.
10:09 of 2nd period - Snap shot by Dennis Everberg.
10:09 of 2nd period - Stopped by Daniel Altshuller with a rebound.
11:03 of 2nd period - Oskar Lindblom is hit by Taylor Beck and loses puck.
12:13 of 2nd period - Snap shot by Phillip Danault.
12:13 of 2nd period - Shot Misses the Net.
12:21 of 2nd period - Snap shot by Juho Lammikko.
12:21 of 2nd period - Stopped by Daniel Altshuller without a rebound.
12:22 of 2nd period - John Hayden wins face-off versus Nathan Gerbe in Punishers zone.
12:37 of 2nd period - Slapshot by Jordan Gross.
12:37 of 2nd period - Stopped by Daniel Altshuller with a rebound.
12:43 of 2nd period - Minor Penalty to Alex Petrovic for High sticking.
12:44 of 2nd period - Corey Tropp wins face-off versus Nathan Gerbe in Punishers zone.
13:24 of 2nd period - Slapshot by Patrick Wey.
13:24 of 2nd period - Shot Blocked by Radek Faksa.
13:42 of 2nd period - Wrist shot by Carter Ashton.
13:42 of 2nd period - Stopped by Alexandar Georgiev without a rebound.
13:43 of 2nd period - Andrej Nestrasil wins face-off versus Corey Tropp in Comets zone.
14:25 of 2nd period - Off-side.
14:26 of 2nd period - Andrej Nestrasil wins face-off versus Carter Ashton in neutral zone.
14:43 of 2nd period - Penalty to Alex Petrovic is over, Alex Petrovic is back on ice.
15:16 of 2nd period - Snap shot by Carter Ashton.
15:16 of 2nd period - Deflect By Oskar Lindblom.
15:16 of 2nd period - Stopped by Alexandar Georgiev with a rebound.
15:18 of 2nd period - Snap shot by Carter Ashton.
15:18 of 2nd period - Stopped by Alexandar Georgiev with a rebound.
16:10 of 2nd period - Alex Petrovic is hit by Andrej Nestrasil and loses puck.
16:23 of 2nd period - Wrist shot by Andrej Nestrasil.
16:23 of 2nd period - Stopped by Daniel Altshuller with a rebound.
16:59 of 2nd period - Slapshot by Artem Zub.
16:59 of 2nd period - Stopped by Alexandar Georgiev without a rebound.
17:00 of 2nd period - Nathan Gerbe wins face-off versus John Hayden in Comets zone.
17:33 of 2nd period - Wrist shot by Mackenzie MacEachern.
17:33 of 2nd period - Deflect By Corey Tropp.
17:33 of 2nd period - Stopped by Daniel Altshuller with a rebound.
17:51 of 2nd period - Snap shot by Anton Blidh.
17:51 of 2nd period - Stopped by Alexandar Georgiev without a rebound.
17:52 of 2nd period - Tyler Graovac wins face-off versus Daniel Audette in Comets zone.
17:52 of 2nd period - Tyler Graovac is hit by Daniel Audette.
18:18 of 2nd period - Alex Petrovic is hit by Dennis Everberg and loses puck.
18:46 of 2nd period - Brett Kulak is hit by Sami Niku.
18:50 of 2nd period - Slapshot by Alex Petrovic.
18:50 of 2nd period - Stopped by Alexandar Georgiev without a rebound.
18:51 of 2nd period - Taylor Beck wins face-off versus Radek Faksa in Comets zone.
18:56 of 2nd period - Snap shot by Radek Faksa.
18:56 of 2nd period - Stopped by Alexandar Georgiev without a rebound.
18:57 of 2nd period - Radek Faksa wins face-off versus Nathan Gerbe in Comets zone.
19:00 of 2nd period - Snap shot by Phillip Danault.
19:00 of 2nd period - Stopped by Alexandar Georgiev with a rebound.
19:44 of 2nd period - Backhand shot by Brett Kulak.
19:44 of 2nd period - Shot Blocked by Patrick Wey.
Goals for this period are 0 for Comets vs 0 for Punishers.
Shots for this period are 16 for Comets vs 14 for Punishers.
3rd period
0:01 of 3rd period - Radek Faksa wins face-off versus Nathan Gerbe in neutral zone.
0:22 of 3rd period - Minor Penalty to Nathan Gerbe for Goalie Interference.
0:23 of 3rd period - Radek Faksa wins face-off versus Taylor Beck in Comets zone.
0:38 of 3rd period - Slapshot by Alex Petrovic.
0:38 of 3rd period - Deflect By Corey Tropp.
0:38 of 3rd period - Shot Misses the Net.
0:38 of 3rd period - Puck is out of play.
0:39 of 3rd period - Taylor Beck wins face-off versus Radek Faksa in Comets zone.
0:50 of 3rd period - Slapshot by Alex Petrovic.
0:50 of 3rd period - Stopped by Alexandar Georgiev without a rebound.
0:51 of 3rd period - Radek Faksa wins face-off versus Taylor Beck in Comets zone.
0:58 of 3rd period - Snap shot by Radek Faksa.
0:58 of 3rd period - Stopped by Alexandar Georgiev with a rebound.
1:16 of 3rd period - Dennis Everberg is hit by Carter Ashton and loses puck.
2:02 of 3rd period - Off-side.
2:03 of 3rd period - Radek Faksa wins face-off versus Axel Holmstrom in neutral zone.
2:06 of 3rd period - Andrej Nestrasil is hit by Corey Tropp.
2:19 of 3rd period - Icing by Alex Petrovic.
2:20 of 3rd period - Taylor Beck wins face-off versus John Quenneville in Punishers zone.
2:22 of 3rd period - Penalty to Nathan Gerbe is over, Nathan Gerbe is back on ice.
2:33 of 3rd period - Taylor Beck is hit by Oskar Lindblom and loses puck.
2:40 of 3rd period - Wrist shot by Carter Ashton.
2:40 of 3rd period - Stopped by Alexandar Georgiev without a rebound.
2:41 of 3rd period - Radek Faksa wins face-off versus Andrej Nestrasil in Comets zone.
3:06 of 3rd period - Corey Tropp is hit by Kurtis Macdermid and loses puck.
3:33 of 3rd period - Wrist shot by Phillip Danault.
3:33 of 3rd period - Shot Hit the Post.
3:35 of 3rd period - Wrist shot by Phillip Danault.
3:35 of 3rd period - Shot Blocked by Juuso Riikola.
3:45 of 3rd period - Wrist shot by Radek Faksa.
3:45 of 3rd period - Stopped by Alexandar Georgiev without a rebound.
3:46 of 3rd period - John Quenneville wins face-off versus Nathan Gerbe in Comets zone.
4:13 of 3rd period - Icing by Andrej Nestrasil.
4:14 of 3rd period - Daniel Audette wins face-off versus Andrej Nestrasil in Comets zone.
4:19 of 3rd period - Snap shot by Anton Blidh.
4:19 of 3rd period - Shot Misses the Net.
4:21 of 3rd period - Slapshot by Noah Juulsen.
4:21 of 3rd period - Stopped by Alexandar Georgiev without a rebound.
4:22 of 3rd period - Nathan Gerbe wins face-off versus John Quenneville in Comets zone.
4:44 of 3rd period - Icing by Artem Zub.
4:45 of 3rd period - Andrej Nestrasil wins face-off versus Oskar Lindblom in Punishers zone.
4:52 of 3rd period - Slapshot by Joshua Leivo.
4:52 of 3rd period - Stopped by Daniel Altshuller with a rebound.
4:54 of 3rd period - Wrist shot by Andrej Nestrasil.
4:54 of 3rd period - Shot Misses the Net.
4:56 of 3rd period - Slapshot by Sami Niku.
4:56 of 3rd period - Shot Blocked by John Quenneville.
5:16 of 3rd period - Wrist shot by Nathan Gerbe.
5:16 of 3rd period - Stopped by Daniel Altshuller without a rebound.
5:17 of 3rd period - Dennis Everberg wins face-off versus Radek Faksa in Punishers zone.
5:29 of 3rd period - Off-side.
5:30 of 3rd period - Nathan Gerbe wins face-off versus Radek Faksa in neutral zone.
6:07 of 3rd period - Minor Penalty to Oliver Kylington for Hooking.
6:08 of 3rd period - Taylor Beck wins face-off versus Radek Faksa in Comets zone.
6:33 of 3rd period - Taylor Beck is hit by Carter Ashton and loses puck.
7:04 of 3rd period - Wrist shot by Andrej Nestrasil.
7:04 of 3rd period - Shot Blocked by Corey Tropp.
7:41 of 3rd period - Jordan Gross is hit by Radek Faksa and loses puck.
8:07 of 3rd period - Penalty to Oliver Kylington is over, Oliver Kylington is back on ice.
8:11 of 3rd period - Oliver Kylington is hit by Anton Blidh and loses puck.
8:34 of 3rd period - Wrist shot by Austen Brassard.
8:34 of 3rd period - Shot Misses the Net.
8:50 of 3rd period - Wrist shot by Anton Zlobin.
8:50 of 3rd period - Deflect By Daniel Audette.
8:50 of 3rd period - Goal by Anton Zlobin - Comets : 4 - Punishers : 2.
8:51 of 3rd period - Radek Faksa wins face-off versus Nathan Gerbe in neutral zone.
9:25 of 3rd period - Snap shot by Daniel Audette.
9:25 of 3rd period - Goal by Daniel Audette - Comets : 4 - Punishers : 3.
9:26 of 3rd period - Radek Faksa wins face-off versus Nathan Gerbe in neutral zone.
9:28 of 3rd period - Off-side.
9:29 of 3rd period - Radek Faksa wins face-off versus Nathan Gerbe in neutral zone.
9:31 of 3rd period - Off-side.
9:32 of 3rd period - Radek Faksa wins face-off versus Nathan Gerbe in neutral zone.
10:25 of 3rd period - Axel Holmstrom is hit by Anton Blidh and loses puck.
10:42 of 3rd period - Wrist shot by Anton Zlobin.
10:42 of 3rd period - Deflect By Kurtis Macdermid.
10:42 of 3rd period - Shot Misses the Net.
10:42 of 3rd period - Puck is out of play.
10:43 of 3rd period - Tyler Graovac wins face-off versus Phillip Danault in Punishers zone.
10:43 of 3rd period - Oliver Kylington is hit by Artem Zub.
10:47 of 3rd period - Slapshot by Tyler Graovac.
10:47 of 3rd period - Shot Misses the Net.
10:49 of 3rd period - Wrist shot by Tyler Graovac.
10:49 of 3rd period - Stopped by Daniel Altshuller with a rebound.
10:51 of 3rd period - Slapshot by Oliver Kylington.
10:51 of 3rd period - Stopped by Daniel Altshuller without a rebound.
10:52 of 3rd period - Nathan Gerbe wins face-off versus Radek Faksa in Punishers zone.
11:07 of 3rd period - Snap shot by Dennis Everberg.
11:07 of 3rd period - Stopped by Daniel Altshuller with a rebound.
11:19 of 3rd period - Wrist shot by Carter Ashton.
11:19 of 3rd period - Shot Blocked by Sami Niku.
11:21 of 3rd period - Wrist shot by Carter Ashton.
11:21 of 3rd period - Stopped by Alexandar Georgiev without a rebound.
11:22 of 3rd period - John Quenneville wins face-off versus Andrej Nestrasil in Comets zone.
11:37 of 3rd period - Snap shot by Joshua Leivo.
11:37 of 3rd period - Stopped by Daniel Altshuller with a rebound.
12:11 of 3rd period - Austen Brassard is hit by Anton Zlobin and loses puck.
12:18 of 3rd period - William Lagesson is hit by Daniel Audette and loses puck.
12:37 of 3rd period - Snap shot by Axel Holmstrom.
12:37 of 3rd period - Stopped by Daniel Altshuller with a rebound.
12:39 of 3rd period - Snap shot by Mackenzie MacEachern.
12:39 of 3rd period - Stopped by Daniel Altshuller without a rebound.
12:40 of 3rd period - Radek Faksa wins face-off versus Nathan Gerbe in Punishers zone.
12:47 of 3rd period - Snap shot by Phillip Danault.
12:47 of 3rd period - Stopped by Alexandar Georgiev with a rebound.
12:55 of 3rd period - Snap shot by Corey Tropp.
12:55 of 3rd period - Shot Misses the Net.
12:57 of 3rd period - Minor Penalty to Juuso Riikola for Hooking.
12:58 of 3rd period - Corey Tropp wins face-off versus Taylor Beck in Comets zone.
13:01 of 3rd period - Snap shot by Phillip Danault.
13:01 of 3rd period - Shot Blocked by Dennis Everberg.
13:03 of 3rd period - Slapshot by Phillip Danault.
13:03 of 3rd period - Stopped by Alexandar Georgiev without a rebound.
13:04 of 3rd period - Radek Faksa wins face-off versus Taylor Beck in Comets zone.
13:05 of 3rd period - Snap shot by Corey Tropp.
13:05 of 3rd period - Stopped by Alexandar Georgiev without a rebound.
13:06 of 3rd period - Radek Faksa wins face-off versus Taylor Beck in Comets zone.
13:27 of 3rd period - Slapshot by Alex Petrovic.
13:27 of 3rd period - Shot Misses the Net.
13:29 of 3rd period - Slapshot by Brett Kulak.
13:29 of 3rd period - Shot Blocked by Dennis Everberg.
13:31 of 3rd period - Snap shot by Corey Tropp.
13:31 of 3rd period - Stopped by Alexandar Georgiev with a rebound.
13:33 of 3rd period - Wrist shot by Corey Tropp.
13:33 of 3rd period - Goal by Corey Tropp - Comets : 4 - Punishers : 4.
13:34 of 3rd period - Radek Faksa wins face-off versus Nathan Gerbe in neutral zone.
13:37 of 3rd period - Slapshot by Alex Petrovic.
13:37 of 3rd period - Stopped by Alexandar Georgiev without a rebound.
13:38 of 3rd period - Nathan Gerbe wins face-off versus Radek Faksa in Comets zone.
13:45 of 3rd period - Wrist shot by Phillip Danault.
13:45 of 3rd period - Stopped by Alexandar Georgiev without a rebound.
13:46 of 3rd period - Radek Faksa wins face-off versus Nathan Gerbe in Comets zone.
13:53 of 3rd period - Wrist shot by Phillip Danault.
13:53 of 3rd period - Shot Blocked by Taylor Beck.
14:01 of 3rd period - Wrist shot by Nathan Gerbe.
14:01 of 3rd period - Shot Hit the Post.
14:11 of 3rd period - Andrej Nestrasil is hit by Alex Petrovic and loses puck.
14:16 of 3rd period - Wrist shot by John Quenneville.
14:16 of 3rd period - Shot Misses the Net.
14:18 of 3rd period - Snap shot by Brett Kulak.
14:18 of 3rd period - Stopped by Alexandar Georgiev with a rebound.
14:20 of 3rd period - Backhand shot by Brett Kulak.
14:20 of 3rd period - Stopped by Alexandar Georgiev without a rebound.
14:21 of 3rd period - John Quenneville wins face-off versus Nathan Gerbe in Comets zone.
14:34 of 3rd period - Carter Ashton is hit by Nathan Gerbe and loses puck.
14:55 of 3rd period - Wrist shot by Radek Faksa.
14:55 of 3rd period - Shot Hit the Post.
15:21 of 3rd period - Daniel Audette is hit by Juho Lammikko and loses puck.
15:40 of 3rd period - Wrist shot by Nathan Gerbe.
15:40 of 3rd period - Stopped by Daniel Altshuller with a rebound.
15:52 of 3rd period - Sami Niku is hit by Corey Tropp and loses puck.
16:27 of 3rd period - Slapshot by Patrick Wey.
16:27 of 3rd period - Deflect By Phil Di Giuseppe.
16:27 of 3rd period - Shot Misses the Net.
16:27 of 3rd period - Puck is out of play.
16:28 of 3rd period - Andrej Nestrasil wins face-off versus Radek Faksa in Punishers zone.
16:31 of 3rd period - Slapshot by Joshua Leivo.
16:31 of 3rd period - Shot Misses the Net.
16:53 of 3rd period - Juho Lammikko is hit by Daniel Audette and loses puck.
17:02 of 3rd period - Patrick Wey is hit by Anton Blidh and loses puck.
17:18 of 3rd period - Icing by Oskar Lindblom.
17:19 of 3rd period - John Quenneville wins face-off versus Nathan Gerbe in Punishers zone.
18:11 of 3rd period - Slapshot by Alex Petrovic.
18:11 of 3rd period - Shot Misses the Net.
18:13 of 3rd period - Snap shot by Brett Kulak.
18:13 of 3rd period - Deflect By Austen Brassard.
18:13 of 3rd period - Stopped by Alexandar Georgiev with a rebound.
18:15 of 3rd period - Slapshot by Anton Blidh.
18:15 of 3rd period - Stopped by Alexandar Georgiev without a rebound.
18:16 of 3rd period - Radek Faksa wins face-off versus Axel Holmstrom in Comets zone.
18:17 of 3rd period - Backhand shot by Corey Tropp.
18:17 of 3rd period - Shot Misses the Net.
18:57 of 3rd period - Taylor Beck is hit by Carter Ashton and loses puck.
19:40 of 3rd period - Snap shot by Taylor Beck.
19:40 of 3rd period - Shot Misses the Net.
19:46 of 3rd period - Snap shot by Nathan Gerbe.
19:46 of 3rd period - Shot Misses the Net.
19:48 of 3rd period - Snap shot by Dennis Everberg.
19:48 of 3rd period - Shot Blocked by Alex Petrovic.
19:50 of 3rd period - Wrist shot by Dennis Everberg.
19:50 of 3rd period - Stopped by Daniel Altshuller with a rebound.
19:52 of 3rd period - Snap shot by Taylor Beck.
19:52 of 3rd period - Stopped by Daniel Altshuller without a rebound.
19:53 of 3rd period - Anton Karlsson wins face-off versus Radek Faksa in Punishers zone.
19:53 of 3rd period - Patrick Wey is hit by Artem Zub and loses puck.
Goals for this period are 1 for Comets vs 2 for Punishers.
Shots for this period are 12 for Comets vs 18 for Punishers.
Overtime #1
0:01 of 1st overtime period - Taylor Beck wins face-off versus Corey Tropp in neutral zone.
0:08 of 1st overtime period - Wrist shot by Dennis Everberg.
0:08 of 1st overtime period - Shot Hit the Post.
0:10 of 1st overtime period - Slapshot by Patrick Wey.
0:10 of 1st overtime period - Stopped by Daniel Altshuller with a rebound.
0:12 of 1st overtime period - Wrist shot by Taylor Beck.
0:12 of 1st overtime period - Shot Misses the Net.
1:01 of 1st overtime period - Slapshot by Nathan Gerbe.
1:01 of 1st overtime period - Stopped by Daniel Altshuller with a rebound.
1:21 of 1st overtime period - Slapshot by Anton Blidh.
1:21 of 1st overtime period - Stopped by Alexandar Georgiev with a rebound.
1:46 of 1st overtime period - Wrist shot by Nathan Gerbe.
1:46 of 1st overtime period - Shot Blocked by Corey Tropp.
1:48 of 1st overtime period - Wrist shot by Andrej Nestrasil.
1:48 of 1st overtime period - Shot Blocked by Radek Faksa.
1:50 of 1st overtime period - Slapshot by Sami Niku.
1:50 of 1st overtime period - Stopped by Daniel Altshuller without a rebound.
1:51 of 1st overtime period - Carter Ashton wins face-off versus Taylor Beck in Punishers zone.
2:11 of 1st overtime period - Off-side.
2:12 of 1st overtime period - Taylor Beck wins face-off versus Oskar Lindblom in neutral zone.
2:56 of 1st overtime period - Alex Petrovic is hit by Anton Karlsson and loses puck.
3:11 of 1st overtime period - Dennis Everberg is hit by Carter Ashton.
3:25 of 1st overtime period - Artem Zub is hit by Nathan Gerbe and loses puck.
4:43 of 1st overtime period - Taylor Leier is hit by Daniel Audette and loses puck.
Goals for this period are 0 for Comets vs 0 for Punishers.
Shots for this period are 3 for Comets vs 1 for Punishers.
ShootOut
5:00 of 1st overtime period - Round #1.
5:00 of 1st overtime period - Comets, Taylor Beck.
5:00 of 1st overtime period - Snap shot by Taylor Beck.
5:00 of 1st overtime period - Stopped by Daniel Altshuller.
5:00 of 1st overtime period - Punishers, Corey Tropp.
5:00 of 1st overtime period - Snap shot by Corey Tropp.
5:00 of 1st overtime period - Goal by Corey Tropp.
5:00 of 1st overtime period - Round #2.
5:00 of 1st overtime period - Comets, Dennis Everberg.
5:00 of 1st overtime period - Snap shot by Dennis Everberg.
5:00 of 1st overtime period - Stopped by Daniel Altshuller.
5:00 of 1st overtime period - Punishers, Radek Faksa.
5:00 of 1st overtime period - Backhand shot by Radek Faksa.
5:00 of 1st overtime period - Shot Misses the Net.
5:00 of 1st overtime period - Round #3.
5:00 of 1st overtime period - Comets, Nathan Gerbe.
5:00 of 1st overtime period - Backhand shot by Nathan Gerbe.
5:00 of 1st overtime period - Stopped by Daniel Altshuller.